[Event "Titled Tuesday Blitz March 29 Early 2022"]
[White "Chen, Qi b"]
[Black "Kiltti, Jyrki"]
[WhiteFideId "8614733"]
[BlackFideId "501204"]
[WhiteElo "2432"]
[BlackElo "2245"]
[Result "1-0"]
[Round "04"]
[TimeControl "180+1"]
[Date "2022.03.30"]
[WhiteClock "0:00:03"]
[BlackClock "0:00:03"]

1. e4 Nc6 2. d4 e5 3. Nf3 exd4 4. Nxd4 Qh4 5. Nc3 Bb4 6. Qd3 Nf6 7. Bd2 Bxc3 8. Bxc3 Qxe4+ 9. Be2 Qxd3 10. Bxd3 Nd5 11. Nb5 Nxc3 12. Nxc7+ Kd8 13. Nxa8 Nd5 14. O-O-O Ndb4 15. Be4 Re8 16. Rhe1 Nxa2+ 17. Kb1 Nab4 18. c3 Na6 19. b4 f5 20. Bxf5 Rxe1 21. Rxe1 b5 22. c4 Naxb4 23. cxb5 Nd4 24. Be4 Nxb5 25. Kb2 Nc6 26. Bd3 Nd6 27. Bxh7 Bb7 28. Rd1 Nc4+ 29. Kc3 N4e5 30. f4 Ng4 31. Bf5 Nf6 32. g4 Ne7 33. Ra1 Bxa8 34. Rxa7 Bc6 35. Kd4 g6 36. Bd3 Nxg4 37. Ra2 Kc7 38. h4 Nf6 39. Re2 Nf5+ 40. Bxf5 gxf5 41. Ke5 Ng4+ 42. Kxf5 Nh6+ 43. Kg6 Nf7 44. Kxf7 1-0


[Site "https://www.chess.com"]

[Event "Titled Tuesday Blitz March 29 Early 2022"]
[White "Chernomordik, Pavel"]
[Black "Skliarov, Viktor"]
[WhiteFideId "2804530"]
[BlackFideId "14106736"]
[WhiteElo "2249"]
[BlackElo "2229"]
[Result "0-1"]
[Round "04"]
[TimeControl "180+1"]
[Date "2022.03.30"]
[WhiteClock "0:00:01"]
[BlackClock "0:00:02"]

1. e4 c5 2. Nc3 Nc6 3. Bb5 Nd4 4. Bc4 g6 5. Nge2 Bg7 6. Nxd4 cxd4 7. Qf3 Nh6 8. Ne2 O-O 9. h3 Qa5 10. g4 Kh8 11. a3 d6 12. b4 Qc7 13. d3 Be6 14. g5 Ng8 15. Bb3 a5 16. b5 a4 17. Bd5 Bxd5 18. exd5 Qxc2 19. h4 f6 20. h5 fxg5 21. hxg6 h6 22. Qh3 g4 23. Qxg4 Qxd3 24. Bxh6 Nxh6 25. Qg5 Qf5 26. Rxh6+ Kg8 27. Qxf5 Rxf5 28. Rh7 d3 29. Ng3 Rxd5 30. Rd1 d2+ 31. Kf1 Rg5 32. Rxd2 Rxg6 33. Rh4 Rf8 34. Kg2 Be5 35. Rxa4 Rf4 36. Rxf4 Bxf4 37. Rc2 Rg5 38. a4 Rc5 39. Rxc5 dxc5 0-1


[Site "https://www.chess.com"]

[Event "Titled Tuesday Blitz March 29 Early 2022"]
[White "Chernyavsky, Alexander"]
[Black "Dronavalli, Harika"]
[WhiteFideId "24131156"]
[BlackFideId "5015197"]
[WhiteElo "2414"]
[BlackElo "2667"]
[Result "0-1"]
[Round "04"]
[TimeControl "180+1"]
[Date "2022.03.30"]
[WhiteClock "0:00:01"]
[BlackClock "0:00:20"]

1. d4 Nf6 2. Bg5 e6 3. e4 h6 4. Bxf6 Qxf6 5. e5 Qe7 6. c3 d6 7. Nf3 g6 8. h4 Bg7 9. h5 g5 10. Bb5+ Nd7 11. Qe2 a6 12. Bxd7+ Bxd7 13. Nbd2 d5 14. Nh2 c5 15. dxc5 Qxc5 16. Nb3 Qc7 17. Ng4 Bb5 18. Qe3 Qc4 19. Nd4 Rc8 20. Kd2 a5 21. b3 Qc5 22. a4 Bd7 23. Rhc1 b6 24. f4 gxf4 25. Qxf4 Qe7 26. Rf1 Rh7 27. Nf6+ Bxf6 28. exf6 Qc5 29. Qg3 Rh8 30. Rfe1 Kd8 31. Rac1 Qf8 32. Nf3 Rg8 33. Qh2 Qc5 34. Ne5 Be8 35. Re2 Rg5 36. Qf4 Qc7 37. c4 Rf5 38. Qg3 Rxf6 39. Qh4 Qe7 40. Qd4 Qb4+ 41. Kd3 Rf5 0-1


[Site "https://www.chess.com"]

[Event "Titled Tuesday Blitz March 29 Early 2022"]
[White "Chigaev, Maksim"]
[Black "Khamzin, Olzhas"]
[WhiteFideId "4108116"]
[BlackFideId "13701690"]
[WhiteElo "2502"]
[BlackElo "2194"]
[Result "1-0"]
[Round "04"]
[TimeControl "180+1"]
[Date "2022.03.29"]
[WhiteClock "0:00:05"]
[BlackClock "0:00:25"]

1. e4 e6 2. d4 d6 3. Nc3 Be7 4. f4 Nd7 5. Nf3 a6 6. a4 b6 7. Bd3 Bb7 8. O-O c5 9. Kh1 cxd4 10. Nxd4 Qc7 11. Qg4 Ngf6 12. Qxg7 Rg8 13. Qh6 O-O-O 14. Bd2 Rg6 15. Qh3 Rdg8 16. g3 Nc5 17. Rae1 Kb8 18. f5 Rg4 19. fxe6 Ncxe4 20. Nxe4 Nxe4 21. Bxe4 Rxe4 22. Rxe4 Bxe4+ 23. Kg1 f5 24. Qxh7 Rf8 25. Be3 Ka8 26. c3 d5 27. Qg7 Re8 28. Bf4 Qd8 29. Qe5 Bc5 30. b4 Be7 31. a5 Bf6 32. Qc7 Qxc7 33. Bxc7 bxa5 34. bxa5 Bxd4+ 35. cxd4 Rxe6 36. Re1 Rc6 37. Bf4 Rc2 38. h4 Rg2+ 39. Kf1 Kb7 40. Rc1 Rh2 41. Rc7+ Ka8 42. Re7 Bd3+ 43. Ke1 Bb5 44. Re5 Bc4 45. Rxf5 Re2+ 46. Kd1 Ra2 47. Re5 Rxa5 48. h5 Ra1+ 49. Kd2 Rh1 50. g4 a5 51. h6 Kb7 52. Rh5 Ba2 53. Rxh1 a4 54. h7 Kc6 55. h8=Q Kb5 56. Qe5 Kc4 57. Rc1+ Kb3 58. Qxd5+ Ka3 59. Rc3+ Bb3 60. Bd6+ Ka2 61. Rxb3 axb3 62. Kc3 Kb1 63. Qxb3+ Kc1 64. Qc2# 1-0


[Site "https://www.chess.com"]

[Event "Titled Tuesday Blitz March 29 Early 2022"]
[White "Costachi, Mihnea"]
[Black "Obolentseva, Alexandra"]
[WhiteFideId "1217518"]
[BlackFideId "24153648"]
[WhiteElo "2464"]
[BlackElo "2113"]
[Result "1/2-1/2"]
[Round "04"]
[TimeControl "180+1"]
[Date "2022.03.29"]
[WhiteClock "0:00:32"]
[BlackClock "0:00:16"]

1. e4 c5 2. b3 d6 3. Bb2 Nc6 4. f4 Nf6 5. d3 g6 6. Nf3 Bg7 7. Be2 O-O 8. O-O b5 9. a4 bxa4 10. Rxa4 Bd7 11. Nbd2 a5 12. Nc4 Nd4 13. Ra2 Nxe2+ 14. Qxe2 a4 15. Rfa1 Qb8 16. bxa4 Be6 17. Bc3 d5 18. exd5 Nxd5 19. Bxg7 Kxg7 20. g3 Nc3 21. Qe1 Nxa2 22. Rxa2 Bxc4 23. Qc3+ Kg8 24. Qxc4 Qb4 25. Qxb4 cxb4 26. Ne5 Rfb8 27. Nd7 Rb7 28. Nc5 Rc7 29. d4 Rca7 30. Rb2 Rxa4 31. Nxa4 Rxa4 32. Kf2 Kg7 33. Ke3 Kf6 34. Kd3 Kf5 35. Rb3 Ra3 36. Kc4 Ra2 37. Kd3 Ra3 38. h3 Ke6 39. Kc4 Ra2 40. Kd3 Ra3 41. Ke4 Ra2 42. Rxb4 Rxc2 43. Rb6+ Kd7 44. Rb7+ Rc7 45. Rb8 Ke6 46. g4 Kf6 47. h4 Kg7 48. Re8 Rd7 49. Ke5 h6 50. g5 hxg5 51. hxg5 Ra7 52. d5 Rb7 53. Rc8 Rd7 54. Rc4 Ra7 55. Rb4 Rd7 56. Re4 Ra7 57. Kd4 Ra4+ 58. Kd3 Ra3+ 59. Kc4 Ra4+ 60. Kd3 Ra3+ 61. Kd4 Ra4+ 62. Ke3 Ra3+ 63. Ke2 Ra2+ 64. Kf3 Ra3+ 65. Kg4 Ra7 66. Re3 Rd7 67. Re5 Ra7 68. Kf3 Ra3+ 69. Ke2 Ra2+ 70. Kd3 Ra7 71. Re3 Ra3+ 72. Ke4 Ra4+ 73. Ke5 Ra7 74. Rc3 Rd7 75. Kd4 Ra7 76. Kc5 Ra5+ 77. Kc6 Ra4 78. Kd7 Re4 79. Rf3 Rd4 80. Kc6 Rc4+ 81. Kb5 Rc7 82. Re3 f6 83. Kb6 Rd7 84. Kc6 Rd6+ 85. Kc5 Kf7 86. Re4 Rd8 87. Re1 Rc8+ 88. Kd4 Rh8 89. Re4 Rh1 90. gxf6 Kxf6 91. Re6+ Kf7 92. Re4 Rd1+ 93. Ke5 Rh1 94. Re2 Rh5+ 95. Ke4 Kf6 96. Ra2 Rh1 97. Ra6+ Kf7 98. Ra3 Re1+ 99. Re3 Ra1 100. Ke5 Rh1 101. Re2 Rh5+ 102. Kd4 Rh4 103. Ke3 Rh3+ 104. Ke4 Rh1 105. Rg2 Ra1 106. Rh2 Re1+ 107. Kd4 Kf6 108. Rh7 Rf1 109. Ke4 Re1+ 110. Kf3 Rf1+ 111. Ke3 Re1+ 112. Kd3 Rd1+ 113. Ke4 Re1+ 114. Kf3 Rd1 115. Ke4 Re1+ 1/2-1/2


[Site "https://www.chess.com"]

[Event "Titled Tuesday Blitz March 29 Early 2022"]
[White "Coto Mederos, Michel"]
[Black "Miszler, Levente"]
[WhiteFideId "3508528"]
[BlackFideId "763276"]
[WhiteElo "2427"]
[BlackElo "1966"]
[Result "1-0"]
[Round "04"]
[TimeControl "180+1"]
[Date "2022.03.30"]
[WhiteClock "0:00:08"]
[BlackClock "0:00:07"]

1. c4 c5 2. Nc3 Nc6 3. Nf3 g6 4. e3 Bg7 5. d4 cxd4 6. exd4 e6 7. Be2 d5 8. cxd5 exd5 9. O-O Nge7 10. Bf4 O-O 11. Ne5 Nf5 12. Nxc6 bxc6 13. Be3 Nxe3 14. fxe3 Re8 15. Qd2 Bh6 16. Nd1 Qe7 17. Rf3 Bg4 18. Rg3 Bxe2 19. Qxe2 f5 20. Qf2 Rab8 21. Rc1 Rb6 22. b3 Qe4 23. Rf3 a5 24. g3 Ra6 25. Nc3 Qd3 26. e4 Qxf3 27. Qxf3 Bxc1 28. exd5 cxd5 29. Qxd5+ Rae6 30. Qc4 Kg7 31. d5 Re1+ 32. Kf2 Bg5 33. d6 Rc1 34. Qd3 Bf6 35. Nd5 Rc6 36. Nc7 Re4 37. Qb5 Rxd6 38. Ne8+ Kf7 39. Nxd6+ 1-0


[Site "https://www.chess.com"]

[Event "Titled Tuesday Blitz March 29 Early 2022"]
[White "Cramling Bellon, Anna"]
[Black "Petrova, Irina"]
[WhiteFideId "32009232"]
[BlackFideId "14124122"]
[WhiteElo "1905"]
[BlackElo "1993"]
[Result "0-1"]
[Round "04"]
[TimeControl "180+1"]
[Date "2022.03.30"]
[WhiteClock "0:00:05"]
[BlackClock "0:00:37"]

1. d4 d6 2. c4 e5 3. e3 e4 4. Nc3 f5 5. f3 Nf6 6. g3 exf3 7. Nxf3 Be7 8. Bg2 O-O 9. O-O c6 10. d5 c5 11. Qe2 Na6 12. e4 fxe4 13. Nxe4 Nxe4 14. Qxe4 Bf5 15. Qe2 Nb4 16. Bd2 Nc2 17. Rac1 Bf6 18. Ne1 Nd4 19. Qd1 Qe7 20. Nf3 Rae8 21. Bc3 Ne2+ 22. Kh1 Nxc1 23. Qxc1 Bxc3 24. Qxc3 Qe3 25. Qa5 Be4 26. Re1 Qf2 27. Rf1 Qxb2 28. Qc7 Bxf3 29. Bxf3 Rxf3 0-1


[Site "https://www.chess.com"]

[Event "Titled Tuesday Blitz March 29 Early 2022"]
[White "De Silva, L M S T"]
[Black "Postnikov, Daniil"]
[WhiteFideId "9953698"]
[BlackFideId "4166329"]
[WhiteElo "2719"]
[BlackElo "2549"]
[Result "1/2-1/2"]
[Round "04"]
[TimeControl "180+1"]
[Date "2022.03.30"]
[WhiteClock "0:00:33"]
[BlackClock "0:00:17"]

1. Nf3 Nf6 2. b3 g6 3. Bb2 Bg7 4. c4 O-O 5. Nc3 c5 6. g3 b6 7. Bg2 Bb7 8. O-O Nc6 9. d4 cxd4 10. Nxd4 Rc8 11. Nxc6 Bxc6 12. Nd5 e6 13. Nxf6+ Bxf6 14. Bxf6 Qxf6 15. Bxc6 dxc6 16. Qd7 a5 17. Qb7 Qd4 18. Rad1 Qc5 19. Rd7 b5 20. Rc1 Rb8 21. Qc7 Rbc8 22. Qxa5 Ra8 23. Qd2 Qa3 24. cxb5 cxb5 25. Rc2 Rfc8 26. Rxc8+ Rxc8 27. Rd8+ Rxd8 28. Qxd8+ Kg7 29. Qd4+ Kg8 30. Qd2 b4 31. Kg2 Qa5 32. e4 Qc5 33. Qf4 Qc3 34. Qe3 Kg7 35. a4 Qe5 36. Qd3 Qc3 37. Qe3 Qe5 38. h4 h5 39. Qf3 Qc3 40. a5 Qa1 41. e5 Qxa5 42. Qf6+ Kg8 43. Qe7 Qd5+ 44. Kh2 Qxb3 45. Qd8+ Kg7 46. Qf6+ Kg8 47. Qd8+ Kg7 48. Qf6+ Kg8 49. Qd8+ 1/2-1/2


[Site "https://www.chess.com"]

[Event "Titled Tuesday Blitz March 29 Early 2022"]
[White "Dejmek, Mark"]
[Black "Suarez Uriel, Adrian"]
[WhiteFideId "2017628"]
[BlackFideId "22230874"]
[WhiteElo "2249"]
[BlackElo "2316"]
[Result "1-0"]
[Round "04"]
[TimeControl "180+1"]
[Date "2022.03.30"]
[WhiteClock "0:00:03"]
[BlackClock "0:00:44"]

1. Nf3 Nf6 2. g3 g6 3. b4 Bg7 4. Bb2 O-O 5. Bg2 d6 6. c4 e5 7. d3 a5 8. b5 Nbd7 9. O-O Nc5 10. Nbd2 a4 11. Ba3 b6 12. Ng5 Ra7 13. Nge4 Nfxe4 14. Nxe4 Nxe4 15. Bxe4 f5 16. Bd5+ Kh8 17. Rb1 f4 18. Bb2 Bh3 19. Bg2 Qd7 20. d4 Bxg2 21. Kxg2 a3 22. Ba1 e4 23. Rb3 d5 24. cxd5 Qxd5 25. f3 exf3+ 26. exf3 Ra4 27. Qc1 Rc4 28. Qxa3 Rc2+ 29. Rf2 Rxf2+ 30. Kxf2 Bxd4+ 31. Bxd4+ Qxd4+ 32. Kg2 Qd2+ 33. Kh3 Rf5 34. g4 Rf7 35. Rd3 Qc2 36. Qc3+ Qxc3 37. Rxc3 Kg7 38. g5 h5 39. gxh6+ Kxh6 40. Kg4 Kg7 41. Rc4 Rd7 42. a4 Kf6 43. Kxf4 Rd2 44. Kg3 Rd7 45. Rc6+ Kf5 46. h4 Re7 47. Rc4 Rd7 48. Rc6 Rg7 49. Rc4 Ke5 50. Re4+ Kd5 51. Rg4 Ke5 52. h5 g5 53. h6 Rh7 54. Rxg5+ Kf6 55. Rh5 Kg6 56. Rh2 Rd7 57. Kf4 Kh7 58. Kg5 Rd4 59. f4 Rxa4 60. f5 Ra5 61. Re2 Rxb5 62. Re7+ Kg8 63. Rxc7 Rb1 64. Kg6 Rg1+ 65. Kf6 b5 66. h7+ Kh8 67. Ke6 Re1+ 68. Kd5 Re5+ 69. Kxe5 b4 70. Kf6 b3 71. Kg6 b2 72. Rc8# 1-0


[Site "https://www.chess.com"]

[Event "Titled Tuesday Blitz March 29 Early 2022"]
[White "Del Rio De Angelis, Salvador G."]
[Black "Batsiashvili, Nino"]
[WhiteFideId "2203138"]
[BlackFideId "13602993"]
[WhiteElo "2491"]
[BlackElo "2192"]
[Result "1-0"]
[Round "04"]
[TimeControl "180+1"]
[Date "2022.03.30"]
[WhiteClock "0:00:54"]
[BlackClock "0:00:07"]

1. c4 e6 2. d3 d5 3. g3 dxc4 4. Qa4+ Bd7 5. Qxc4 c5 6. Bg2 Bc6 7. Nf3 Nd7 8. O-O Ngf6 9. a3 b5 10. Qc2 Rc8 11. b3 Bd6 12. Bb2 O-O 13. Nbd2 Qc7 14. Rac1 Qb7 15. Qb1 a6 16. Rfe1 h6 17. Nf1 Ng4 18. N1d2 Nde5 19. Qa1 Qb8 20. Rc2 Nxf3+ 21. Nxf3 f6 22. Rec1 h5 23. d4 Bxf3 24. exf3 Nh6 25. dxc5 Bc7 26. b4 h4 27. Re2 e5 28. Qa2+ Kh8 29. Qe6 hxg3 30. hxg3 Rcd8 31. Rce1 a5 32. Qb3 a4 33. Qe3 Rd5 34. Rd2 Rxd2 35. Qxd2 Rd8 36. Qe2 Qc8 37. Qxb5 Rd2 38. Bc1 Rc2 39. Qxa4 Qf5 40. f4 Rxc1 41. Rxc1 exf4 42. Qe8+ Ng8 43. Qe4 Qg5 44. Qd5 f5 45. Re1 fxg3 46. Re8 gxf2+ 47. Kxf2 Qf4+ 48. Ke2 Qg4+ 49. Kd3 Qd1+ 50. Kc4 Qc2+ 51. Kb5 Kh7 52. Qxg8+ Kg6 53. Re6+ Kg5 54. Qxg7+ Kf4 55. Qd4+ Kg3 56. Qe3+ Kxg2 57. Qe2+ Qxe2+ 58. Rxe2+ Kf3 59. Re7 Bd8 60. Rd7 Bf6 61. a4 Be5 62. a5 f4 63. a6 Kg2 64. a7 f3 65. a8=Q 1-0


[Site "https://www.chess.com"]

[Event "Titled Tuesday Blitz March 29 Early 2022"]
[White "Delaney, Killian"]
[Black "Fernandez, Daniel Howard"]
[WhiteFideId "2501570"]
[BlackFideId "5801605"]
[WhiteElo "2306"]
[BlackElo "2466"]
[Result "1-0"]
[Round "04"]
[TimeControl "180+1"]
[Date "2022.03.29"]
[WhiteClock "0:00:08"]
[BlackClock "0:00:06"]

1. e4 c5 2. Nf3 d6 3. Nc3 a6 4. a4 e5 5. Bc4 Be7 6. d3 Nf6 7. Nd2 O-O 8. Nf1 Nc6 9. Ne3 Nd4 10. O-O Be6 11. f4 exf4 12. Rxf4 Re8 13. Ncd5 Nxd5 14. Nxd5 Bf8 15. c3 Nc6 16. Rf1 Ne5 17. Ba2 b5 18. Bf4 Rb8 19. axb5 axb5 20. Qh5 Nxd3 21. Bg5 Qd7 22. Rf3 Bg4 23. Qh4 Bxf3 24. gxf3 Ne5 25. Qg3 c4 26. Rf1 Qa7+ 27. Kh1 Qxa2 28. f4 Ng6 29. f5 Ne5 30. Bf6 Kh8 31. Rg1 Ng6 32. fxg6 fxg6 33. Bd4 Rxe4 34. Nf4 Qa8 35. Rg2 Re1+ 36. Qxe1 Re8 37. Qh4 Kg8 38. h3 Re4 39. Kh2 d5 40. Rf2 Bd6 41. Kg2 h6 42. Qg4 g5 43. Qd7 Qf8 44. Ne6 Qe7 45. Qxe7 Bxe7 46. Nxg7 Rxd4 47. cxd4 Kxg7 48. Rf5 b4 49. Rxd5 c3 50. bxc3 bxc3 51. Rd7 Kf6 52. Rc7 Bb4 53. Kf3 Kf5 54. Rc4 Ba3 55. Rxc3 Bd6 56. Rc6 Ke6 57. Ke4 Kd7 58. d5 Ke7 59. Kf5 1-0


[Site "https://www.chess.com"]

[Event "Titled Tuesday Blitz March 29 Early 2022"]
[White "Demin, Vladimir"]
[Black "volunteers1998"]
[WhiteFideId "4167457"]
[WhiteElo "2498"]
[BlackElo "2274"]
[Result "0-1"]
[Round "04"]
[TimeControl "180+1"]
[Date "2022.03.30"]
[WhiteClock "0:00:07"]
[BlackClock "0:00:06"]

1. e4 c5 2. Nf3 Nc6 3. d4 cxd4 4. Nxd4 Nf6 5. Nc3 e5 6. Ndb5 d6 7. Bg5 a6 8. Na3 b5 9. Bxf6 gxf6 10. Nd5 Be6 11. c3 Bg7 12. Nc2 O-O 13. Nce3 Rb8 14. Bd3 a5 15. O-O b4 16. f4 bxc3 17. bxc3 exf4 18. Rxf4 Ne5 19. Be2 Bh6 20. Rh4 Bxe3+ 21. Nxe3 Qb6 22. Qd2 Qb2 23. Qe1 Rfc8 24. Rc1 a4 25. Rc2 Qb1 26. Bd1 Qb6 27. Kh1 Kf8 28. Rxh7 Ke7 29. Bh5 Qb1 30. Rc1 Qxe4 31. Rg7 Nd3 32. Rxf7+ Bxf7 33. Nf5+ Kf8 34. Qxe4 Nf2+ 35. Kg1 Nxe4 36. Bxf7 Kxf7 37. Re1 Rc4 38. g4 Rb5 39. Rxe4 Rxe4 40. Nxd6+ Ke7 41. Nxe4 Rb1+ 42. Kg2 Rb2+ 43. Kg3 Rxa2 44. h4 Re2 45. Nc5 a3 46. h5 a2 47. Nb3 Rb2 48. Na1 Rb1 49. Nc2 Rb2 50. Na1 Kf7 51. Kf4 Rb1 52. Nc2 Rf1+ 53. Ke4 Rc1 54. Kd3 Rxc2 55. Kxc2 a1=Q 0-1


[Site "https://www.chess.com"]

[Event "Titled Tuesday Blitz March 29 Early 2022"]
[White "Derjabin, Ilja"]
[Black "Lauridsen, Jesper Morch"]
[WhiteFideId "14104768"]
[BlackFideId "1401890"]
[WhiteElo "2341"]
[BlackElo "2314"]
[Result "1-0"]
[Round "04"]
[TimeControl "180+1"]
[Date "2022.03.30"]
[WhiteClock "0:00:09"]
[BlackClock "0:00:02"]

1. d4 d5 2. c4 e6 3. Nc3 c5 4. e3 Nf6 5. Nf3 a6 6. cxd5 exd5 7. Be2 Nc6 8. O-O Bg4 9. h3 Be6 10. dxc5 Bxc5 11. b3 O-O 12. Bb2 Qd7 13. Rc1 Bxh3 14. gxh3 Qxh3 15. Nxd5 Rfd8 16. Rxc5 Ne4 17. Rc4 Rd6 18. Nh2 Rh6 19. Bh5 Rxh5 20. Qxh5 Qxh5 21. Nf4 Qg5+ 22. Kh1 Rd8 23. Rxe4 h6 24. Rg1 Qf5 25. Rxg7+ Kf8 26. Ba3+ Kxg7 27. Rc4 Rd1+ 28. Kg2 Qg5+ 29. Kh3 Ne5 30. Bb2 f6 31. Ne6+ Kg6 32. Nxg5 hxg5 33. Bxe5 fxe5 34. Rc7 Rd2 35. Ng4 Rxa2 36. Kg3 b5 37. Rb7 Rb2 38. Rb6+ Kf7 39. Nxe5+ Ke7 40. Rxa6 Rxb3 41. Nc6+ Ke8 42. Nd4 Rb2 43. Rb6 b4 44. f3 Rb1 45. Kg4 Rg1+ 46. Kf5 Re1 47. e4 Rd1 48. Ne6 Rd3 49. Ke5 Rxf3 50. Rxb4 g4 51. Kd6 g3 52. Rb8+ Kf7 53. Rf8+ 1-0


[Site "https://www.chess.com"]

[Event "Titled Tuesday Blitz March 29 Early 2022"]
[White "Derraugh, Geordie"]
[Black "Chernikov, Vladimir"]
[WhiteFideId "2603950"]
[BlackFideId "14112914"]
[WhiteElo "2116"]
[BlackElo "2061"]
[Result "1-0"]
[Round "04"]
[TimeControl "180+1"]
[Date "2022.03.30"]
[WhiteClock "0:02:25"]
[BlackClock "0:02:16"]

1. e4 d6 2. d4 Nf6 3. Nc3 Nbd7 4. Nf3 e5 5. h3 Be7 6. a4 c6 7. Bd3 Qc7 8. O-O O-O 9. Bg5 Re8 10. Re1 h6 11. Bh4 exd4 12. Nxd4 Ne5 13. Bg3 Nxd3 14. cxd3 Bf8 15. a5 Bd7 16. Qb3 Rad8 17. Rec1 Qb8 18. a6 b5 19. Nce2 c5 20. Rxc5 Qb6 21. Rcc1 d5 22. Bc7 1-0


[Site "https://www.chess.com"]

[Event "Titled Tuesday Blitz March 29 Early 2022"]
[White "Devaev, Alexander"]
[Black "Araujo Filho, Luiz Antonio Coel"]
[WhiteFideId "4169395"]
[BlackFideId "2130661"]
[WhiteElo "2185"]
[BlackElo "2280"]
[Result "1-0"]
[Round "04"]
[TimeControl "180+1"]
[Date "2022.03.30"]
[WhiteClock "0:00:35"]
[BlackClock "0:00:04"]

1. d4 f5 2. c4 Nf6 3. g3 g6 4. Bg2 Bg7 5. b3 O-O 6. Bb2 d6 7. Nd2 Qe8 8. Nh3 e5 9. O-O c6 10. Ba3 Qe7 11. dxe5 Qxe5 12. Nf3 Qa5 13. Qxd6 Ne4 14. Qb4 Qxb4 15. Bxb4 Bxa1 16. Bxf8 Kxf8 17. Rxa1 Na6 18. Nd4 Nf6 19. Nf4 Ke7 20. Rd1 Bd7 21. Nd3 Be8 22. b4 Rd8 23. e3 Nb8 24. c5 Bf7 25. a3 Nd5 26. Rc1 Kf6 27. a4 Nd7 28. b5 Nb8 29. h4 h6 30. a5 g5 31. hxg5+ hxg5 32. a6 bxa6 33. bxc6 Rc8 34. Ra1 f4 35. gxf4 gxf4 36. Bxd5 Bxd5 37. Nxf4 Bxc6 38. f3 Bb7 39. Rb1 Bc6 40. Kf2 Ke7 41. Rh1 Bb5 42. Rh7+ Kf6 43. Rb7 Nc6 44. Nd5+ Ke5 45. Ne7 Nxe7 46. Rxe7+ Kf6 47. Rxa7 Rxc5 48. e4 Rh5 49. Ke3 Rh6 50. Nxb5 axb5 51. Ra6+ Kg7 52. Rxh6 Kxh6 53. Kd4 1-0


[Site "https://www.chess.com"]

[Event "Titled Tuesday Blitz March 29 Early 2022"]
[White "Di Nicolantonio, Lucas"]
[Black "Shuvalova, Polina"]
[WhiteFideId "680460"]
[BlackFideId "24171760"]
[WhiteElo "2519"]
[BlackElo "2697"]
[Result "0-1"]
[Round "04"]
[TimeControl "180+1"]
[Date "2022.03.30"]
[WhiteClock "0:00:02"]
[BlackClock "0:00:18"]

1. Nf3 Nf6 2. c4 e6 3. Nc3 d5 4. e3 c5 5. cxd5 exd5 6. d4 Nc6 7. Be2 cxd4 8. Nxd4 Bd6 9. O-O O-O 10. b3 Qc7 11. Nf3 Ne5 12. Nb5 Nxf3+ 13. Bxf3 Bxh2+ 14. Kh1 Qb6 15. Kxh2 Qxb5 16. Bb2 Qb6 17. g3 Bf5 18. Bd4 Qe6 19. Rc1 Be4 20. Kg2 Rac8 21. Bxe4 Nxe4 22. Qh5 h6 23. Qe5 Qxe5 24. Bxe5 f6 25. Bd4 b6 26. Rfd1 Kf7 27. f3 Nd6 28. Bb2 Rxc1 29. Rxc1 Rc8 30. Rxc8 Nxc8 31. Kf2 Ke6 32. Ke2 Ne7 33. g4 g6 34. f4 h5 35. gxh5 gxh5 36. Kf3 Nf5 37. Bc3 Nd6 38. Bd4 Ne4 39. a4 Nd2+ 40. Kg3 Nxb3 41. Bb2 Nc5 42. a5 Kf5 43. axb6 axb6 44. Kh4 Kg6 45. Bd4 Nd7 46. Kg3 b5 47. Bc3 Nb8 48. Kf3 Nc6 49. e4 d4 50. Bd2 b4 51. f5+ Kf7 52. Kg3 b3 53. Bc1 Na5 54. Kf3 Nc4 55. Ke2 b2 0-1


[Site "https://www.chess.com"]

[Event "Titled Tuesday Blitz March 29 Early 2022"]
[White "Dixit, Nikhil"]
[Black "Melikhov, Evgeny V."]
[WhiteFideId "5059534"]
[BlackFideId "4122046"]
[WhiteElo "2223"]
[BlackElo "1945"]
[Result "0-1"]
[Round "04"]
[TimeControl "180+1"]
[Date "2022.03.30"]
[WhiteClock "0:00:12"]
[BlackClock "0:00:27"]

1. Nf3 f5 2. b4 Nf6 3. Bb2 e6 4. h3 Be7 5. g4 O-O 6. g5 Ne8 7. h4 d6 8. h5 e5 9. e3 Be6 10. d4 e4 11. Nfd2 d5 12. c4 c6 13. cxd5 cxd5 14. b5 Bxg5 15. Bh3 Nd7 16. Nc3 Rc8 17. Rc1 Nb6 18. Ba3 Be7 19. Bxe7 Qxe7 20. Qb3 Nc4 21. a4 Nxd2 22. Kxd2 Rc4 23. Bf1 Rb4 24. Nxd5 Rxb3 25. Nxe7+ Kf7 26. Nxf5 Bxf5 27. Bc4+ Be6 28. d5 Rb2+ 29. Kc3 Rxf2 30. dxe6+ Ke7 31. Rhg1 R8f3 32. Rcd1 Rxe3+ 33. Kb4 Rb2+ 34. Kc5 b6+ 35. Kc6 Rc3 36. Rd7+ Kf6 37. Rf7+ Ke5 38. Kd7 Rxc4 39. Kxe8 Kxe6 40. Rd7 Rc8+ 41. Rd8 Rxd8+ 42. Kxd8 e3 0-1


[Site "https://www.chess.com"]

[Event "Titled Tuesday Blitz March 29 Early 2022"]
[White "Dovbnia, Nikita"]
[Black "Czerw, Dawid"]
[WhiteFideId "54104599"]
[BlackFideId "1145746"]
[WhiteElo "2111"]
[BlackElo "2125"]
[Result "0-1"]
[Round "04"]
[TimeControl "180+1"]
[Date "2022.03.30"]
[WhiteClock "0:00:56"]
[BlackClock "0:01:16"]

1. d4 Nf6 2. c4 c5 3. Nf3 cxd4 4. Nxd4 Nc6 5. Nc3 g6 6. e4 d6 7. Be2 Nxd4 8. Qxd4 Bg7 9. Be3 O-O 10. Qd3 Nd7 11. f3 Nc5 12. Qd2 a5 13. O-O a4 14. Rab1 Be6 15. b4 axb3 16. axb3 Ra3 17. Qc2 Qa8 18. Rf2 f5 19. Nd5 Bxd5 20. exd5 f4 0-1


[Site "https://www.chess.com"]

[Event "Titled Tuesday Blitz March 29 Early 2022"]
[White "Dushyant Sharma"]
[Black "Pajeken, Jakob Leon"]
[WhiteFideId "25065130"]
[BlackFideId "12942839"]
[WhiteElo "2105"]
[BlackElo "2351"]
[Result "1-0"]
[Round "04"]
[TimeControl "180+1"]
[Date "2022.03.30"]
[WhiteClock "0:01:53"]
[BlackClock "0:02:07"]

1. e4 e5 2. Nf3 Nc6 3. Nc3 Nf6 4. Bb5 Bd6 5. d3 a6 6. Ba4 O-O 7. Bg5 h6 8. h4 hxg5 9. hxg5 Nh7 10. g6 fxg6 11. Bb3+ Kh8 12. Kd2 g5 13. Nxe5 Qf6 14. Qh5 Qh6 15. Ng6+ 1-0


[Site "https://www.chess.com"]

[Event "Titled Tuesday Blitz March 29 Early 2022"]
[White "Dwilewicz, Katarzyna"]
[Black "Ardila, Oscar Humberto"]
[WhiteFideId "1148486"]
[BlackFideId "4404742"]
[WhiteElo "1907"]
[BlackElo "1966"]
[Result "0-1"]
[Round "04"]
[TimeControl "180+1"]
[Date "2022.03.30"]
[WhiteClock "0:00:05"]
[BlackClock "0:00:05"]

1. e4 e5 2. Nf3 Nf6 3. Nxe5 d6 4. Nf3 Nxe4 5. d4 Be7 6. Bd3 d5 7. O-O Nc6 8. h3 O-O 9. Re1 Bf5 10. c4 Nb4 11. Bf1 Bf6 12. a3 Nc6 13. Nc3 Nxc3 14. bxc3 Na5 15. cxd5 Qxd5 16. Bf4 Nc4 17. Bxc7 Rac8 18. Bf4 Nb2 19. Qd2 Nc4 20. Qa2 b5 21. a4 a6 22. axb5 axb5 23. Nd2 Nb6 24. Qxd5 Nxd5 25. Bd6 Rfd8 26. Bc5 Nxc3 27. Rec1 b4 28. Bxb4 Bxd4 29. Nf3 Bf6 30. Ba6 Rc6 31. Bb5 Rcc8 32. Ba6 Rc6 33. Bb7 Ne2+ 34. Kf1 Rxc1+ 35. Rxc1 Nxc1 36. g4 Rd1+ 37. Kg2 Bd3 38. Bc6 h6 39. Kg3 Ne2+ 40. Kh2 Bd8 41. Ba4 Bc7+ 42. Kg2 Nf4+ 43. Kg3 Nd5+ 44. Kh4 Nxb4 45. Bxd1 Be4 46. Nd2 Bd5 47. f3 Nd3 48. Be2 Nf4 49. Bb5 Ng2+ 50. Kh5 Kh7 51. g5 g6+ 52. Kg4 Be6# 0-1


[Site "https://www.chess.com"]

[Event "Titled Tuesday Blitz March 29 Early 2022"]
[White "Einarsson, Halldor Gretar"]
[Black "Mangialardo, Tiago Carvalho"]
[WhiteFideId "2300150"]
[BlackFideId "2130718"]
[WhiteElo "2114"]
[BlackElo "2056"]
[Result "1-0"]
[Round "04"]
[TimeControl "180+1"]
[Date "2022.03.30"]
[WhiteClock "0:00:27"]
[BlackClock "0:00:08"]

1. d4 d5 2. Nf3 Nf6 3. g3 e6 4. c4 Be7 5. Bg2 O-O 6. O-O Re8 7. Qc2 Nbd7 8. Nbd2 b6 9. e4 dxe4 10. Nxe4 Bb7 11. Nxf6+ Nxf6 12. Rd1 Qc8 13. b3 c5 14. Bb2 Qc7 15. d5 exd5 16. cxd5 Nxd5 17. h4 Bf6 18. Ng5 g6 19. Bxd5 Bxb2 20. Qxb2 Bxd5 21. Rxd5 Rad8 22. Rad1 Rxd5 23. Rxd5 Rd8 24. Qd2 Re8 25. Kh2 Qc6 26. Rd7 Rf8 27. Qd5 Qf6 28. f4 Qb2+ 29. Kh3 Qf6 30. Ne4 Qg7 31. Qe5 Qh6 32. Nf6+ Kg7 33. Ng4+ 1-0


[Site "https://www.chess.com"]